 Dungeon Crawl Stone Soup version 0.31-a0-210-gccc998df9b (webtiles) character file.

Game seed: 7999544044048139998

53 qw the Chopper (level 3, -1/23 HPs)
             Began as a Gargoyle Fighter on June 30, 2023.
             Slain by a gnoll
             ... wielding a +0 club
              (5 damage)
             ... on level 2 of the Dungeon.
             The game lasted 00:00:24 (1036 turns).

qw the Chopper (Gargoyle Fighter)                   Turns: 1036, Time: 00:00:24

Health: -1/23      AC: 10    Str: 21    XL:     3   Next: 89%
Magic:  3/3        EV:  9    Int:  8    God:
Gold:   72         SH:  4    Dex:  9    Spells: 2/2 levels left

rFire   . . .        Y - +0 war axe
rCold   . . .        c - +0 buckler
rNeg    + . .        b - +0 scale mail
rPois   inf          (no helmet)
rElec   +            (no cloak)
rCorr   .            (no gloves)
SInv    .            (no boots)
Will    .....        (no amulet) Stlth
                     (no ring)
HPRegen 0.23/turn    (no ring)
MPRegen 0.08/turn

%: no passive effects
@: no status effects
A: sickness immunity, AC +3, negative energy resistance 1, electricity
resistance, torment resistance 1, petrification resistance
a: no special abilities


You were on level 2 of the Dungeon.
You visited 1 branch of the dungeon, and saw 2 of its levels.

You collected 72 gold pieces.


Innate Abilities, Weirdness & Mutations

You are immune to sickness and miasma.
Your stone body is resilient. (AC +3)
You are immune to poison.
You resist negative energy. (rN+)
You are resistant to electric shocks. (rElec)
You are resistant to unholy torment.
You are immune to petrification.


   Skills:
 - Level 3.2 Fighting
 + Level 3.7 Axes
 - Level 3.2 Armour
 - Level 3.2 Shields


You had 2 spell levels left.
You didn't know any spells.
Your spell library was empty.

Inventory:

Hand Weapons
 f - a +0 club
 Y - a +0 war axe (weapon)
Armour
 b - a +0 scale mail (worn)
 c - a +0 buckler (worn)
Scrolls
 a - a scroll of identify
Potions
 d - a potion of might
 h - a potion of curing

Dungeon Overview and Level Annotations

Branches:
Dungeon (2/15)

Altars:

Shops:
D:1 *


Message History

You barely miss the gnoll.
The gnoll is moderately wounded.
The gnoll hits you with a +2 vampiric halberd!
You barely miss the gnoll.
The gnoll is moderately wounded.
The gnoll hits you with a +2 vampiric halberd.
You barely miss the gnoll.
The gnoll is moderately wounded.
The gnoll hits you but does no damage. The gnoll closely misses you.
You hit the gnoll but do no damage.
The gnoll is moderately wounded.
The gnoll barely misses you.
You barely miss the gnoll.
The gnoll is moderately wounded.
The gnoll hits you with a +2 vampiric halberd. x2
You slash the gnoll!
You kill the gnoll!
You barely miss the gnoll. The gnoll hits you but does no damage.
You closely miss the gnoll. The gnoll hits you with a +0 club.
The gnoll hits you but does no damage.
You hit the gnoll.
The gnoll is moderately wounded.
You block the gnoll's attack.
You slash the gnoll!
You kill the gnoll!
The gnoll throws a stone.
The stone closely misses you. The gnoll hits you but does no damage.
Things that are here:
a +0 club; a +2 vampiric halberd You hit the gnoll.
The gnoll is lightly wounded.
The gnoll hits you but does no damage.
A jackal comes into view.
The gnoll hits you but does no damage.
The jackal barks!
You slash the gnoll!
The gnoll is almost dead.
The gnoll hits you with a +0 club.
You die...

.7.7...)#7.7
...........#
.7.7...#.7.7
.......###?#
.7..... 7.7
....... #.#
....... 7.7
####### #)#
7@7 #g# .h#
#.## .. ###


You could see a gnoll and a jackal.

Vanquished Creatures
  3 gnolls (D:2)
  A ball python (D:1)
  A bat (D:1)
  4 endoplasms (D:1)
  3 giant cockroaches (D:1)
  2 goblins (D:1)
  2 hobgoblins (D:1)
  2 kobolds (D:1)
  2 quokkas (D:1)
20 creatures vanquished.

Notes
Turn   | Place    | Note
-------+----------+-------------------------------------------
     0 | D:1      | qw the Gargoyle Fighter began the quest for the Orb.
     0 | D:1      | Reached XP level 1. HP: 14/14 MP: 1/1
     0 | D:1      | 0 ||| qw: Version: 0.3-a-26-gee661ec
     0 | D:1      | 0 ||| qw: Game counter: 7237
     0 | D:1      | 0 ||| qw: Melee chars always use a shield: true
     0 | D:1      | 0 ||| qw: God list: Okawaru
     0 | D:1      | 0 ||| qw: Allow faded altars: false
     0 | D:1      | 0 ||| qw: Do Orc after clearing Dungeon:15 true
     0 | D:1      | 0 ||| qw: Do second Lair branch before Depths: true
     0 | D:1      | 0 ||| qw: Lair rune preference: random
     0 | D:1      | 0 ||| qw: Goals: Normal, Zot:1-4, Slime:5, God:TSO, Crypt,
                  | Tomb, Abyss, Pan, Hells, Win
     0 | D:1      | 0 ||| PLANNING D:1-11
    23 | D:1      | Found Hocherur's General Store.
    30 | D:1      | 30 ||| SHOPLISTING +0 pair of boots (49 gold, have 11).
    30 | D:1      | 30 ||| SHOPLISTING +2 leather armour of cold resistance
                  | (209 gold, have 11).
    30 | D:1      | 30 ||| SHOPLISTING +6 broad axe of Okawaru {freeze, rC+ rN+
                  | Will+++ Str-4} (825 gold, have 11).
    30 | D:1      | 30 ||| SHOPLISTING potion of cancellation (88 gold, have
                  | 11).
   175 | D:1      | Reached XP level 2. HP: 19/19 MP: 2/2
   422 | D:1      | Reached skill level 3 in Axes
   865 | D:1      | 865 ||| Stepping ~*~*~tactically~*~*~ (hiding).
   870 | D:1      | Reached XP level 3. HP: 23/23 MP: 3/3
   976 | D:1      | 976 ||| READING 3 scrolls labelled NUAM DUCID.
   977 | D:1      | 977 ||| READING scroll labelled AGUEFRIA ZERPH.
   978 | D:1      | 978 ||| DRINKING 2 inky potions.
   979 | D:1      | 979 ||| READING 2 scrolls of identify.
   979 | D:1      | 979 ||| IDENTIFYING glowing emerald potion
   980 | D:1      | 980 ||| DROPPING potion of berserk rage.
  1028 | D:2      | HP: 5/23 [gnoll/+2 vampiric halberd (5)]
  1028 | D:2      | HP: 2/23 [gnoll/+2 vampiric halberd (3)]
  1036 | D:2      | Slain by a gnoll

Levels and vault maps discovered:
D:1:      minmay_arrival_stair_chambers, layout_basic, serial_shops,
          nicolae_shop_hallway_plus
D:2:      layout_basic, serial_forest, infiniplex_forest_zigzag_1,
          infiniplex_forest_lined_ring, infiniplex_forest_end_1,
          infiniplex_forest_clump_small, infiniplex_forest_lined_3,
          infiniplex_forest_clump_tiny, infiniplex_forest_lined_4_way,
          uniq_natasha

Skill      XL: |  1  2 |
---------------+-------+-----
Axes           | 2 3 |  3.7
Fighting       | |  3.2
Armour         | |  3.2
Shields        | |  3.2

Action                     || total
---------------------------++-------
  Melee: War axe           ||    69
    Use: Scroll            ||     3
         Potion            ||     1
 Armour: Scale mail        ||    34
  Dodge: Dodged            ||    30
  Block: Buckler           ||     6

Table legend:
 A = Non-vault XP
 B = Vault XP
 C = Vault XP percentage of total XP
 D = Non-vault monster count
 E = Vault monster count
 F = Vault count percentage of total count
                 A         B        C        D         E       F
            +---------+---------+-------+---------+---------+-------
      Total |      77 |       0 |   0.0 |      20 |       0 |   0.0
            +---------+---------+-------+---------+---------+-------
        D:1 |      34 |       0 |   0.0 |      17 |       0 |   0.0
        D:2 |      43 |       0 |   0.0 |       3 |       0 |   0.0
            +---------+---------+-------+---------+---------+-------
